[Event "*** Titled Tuesday Blitz"]
[Site "Chess.com"]
[Date "2020.12.29"]
[Round "3"]
[White "anon132639"]
[Black "vladimirdamjanovic"]
[Result "0-1"]
[WhiteElo "2716"]
[BlackElo "2378"]
[TimeControl "180+1"]
[EndTime "10:28:43 PST"]
[Termination "vladimirdamjanovic won by resignation"]

1. Nf3 Nc6 2. d4 Nf6 3. c4 g6 4. Nc3 Bg7 5. e4 d6 6. d5 Nb8 7.
h3 O-O 8. Be3 Na6 9. Be2 e5 10.
g4 Nc5 11. Nd2 a5 12. h4 Ne8 13. Qc2 f5 14. exf5 gxf5 15. Rg1 Qxh4 16. O-O-O Qe7 17. Kb1 b6 18. Rh1 e4 19. gxf5 Bxf5 20. Nb5 Nd3 21.
Rdg1 Nxf2 22. Rh2 Bg6 23. Ka1 Nd3 24. Bd4 Bxd4 25. Nxd4 Qe5 26. Ne6 Qxh2 27. Qd1 Rf2 28. Bxd3 Rxd2 29. Qf1 Ng7 30. Bb1 Rf2 31. Qd1 Nxe6 32.
dxe6 Qe5 33. e7 Qxe7 34. Qd5+ Kg7 35. Qxa8 Qe5 36. Bc2 Rxc2 37. Rb1 e3 38. Qc8 Qxb2+ 0-1

[Event "*** Titled Tuesday Blitz"]
[Site "Chess.com"]
[Date "2020.12.29"]
[Round "3"]
[White "Moon_stone123"]
[Black "OK97"]
[Result "0-1"]
[WhiteElo "2445"]
[BlackElo "2796"]
[TimeControl "180+1"]
[EndTime "10:28:43 PST"]
[Termination "OK97 won by resignation"]

1. e4 g6 2. d4 Bg7 3. Nc3 d6 4. Bg5 a6 5. f4 b5 6. Nf3 Bb7 7. Bd3 Nd7 8. O-O c5 9. dxc5 Nxc5 10. Qe2 h6 11. Bh4 Nf6 12. e5 Nh5 13. exd6 Qxd6 14.
Rae1 e6 15. Ne5 O-O 16. Kh1 b4 17. Nd1 Rac8 18. Qg4 Nxd3 19. cxd3 Rc2 20. Ne3 Rc5 21. N3c4 Qd5 22. Be7 Nf6 23. Qg3 Nh5 24. Qg4 Rfc8 25. Bxc5 Rxc5 26. h3 Nf6 27. Qg3 Nh5 28. Qg4 Qd4 29. Re2 Nf6 30. Qg3 Nh5 31. Qg4 Rc8 32. Ref2 Nf6 33. Qg3 Nh5 34. Qg4 Rd8 35. f5 exf5 36.
Rxf5 Qxg4 37. Nxg4 gxf5 38. Rxf5 Ng3+ 39. Kh2 Nxf5 40.
Na5 Ba8 41. b3 Rxd3 0-1

[Event "*** Titled Tuesday Blitz"]
[Site "Chess.com"]
[Date "2020.12.29"]
[Round "3"]
[White "Denis_Palkovich"]
[Black "Sueetin"]
[Result "1-0"]
[WhiteElo "2303"]
[BlackElo "2492"]
[TimeControl "180+1"]
[EndTime "10:28:43 PST"]
[Termination "Denis_Palkovich won on time"]

1. d4 Nf6 2. Bf4 e6 3. e3 c5 4. c3 b6 5. Nf3 Bb7 6. Nbd2 Be7 7. h3 cxd4 8. exd4 d6 9. Bd3 Nbd7 10. O-O O-O 11. Qe2 a6 12. a4 Re8 13. Rad1 Qc7 14. Rfe1 Bf8 15. Ng5 h6 16. Nge4 Nd5 17. Bh2 Bc6 18.
Nc4 Bxa4 19. Ra1 Bb5 20. Nexd6 Bxd6 21. Nxd6 Bxd3 22. Qxd3 Rf8 23. Nxf7 Qc6 24. Nxh6+ Kh8 25. Ng4 b5 26. Qg6 N7f6 27. Re5 Kg8 28. Rae1 Ne7 29.
Qg5 Nxg4 30. Qxg4 Nf5 31. Rxe6 Qd5 32. R1e5 Qb3 33. Bf4 Qc2 34. Rg6 Rf7 35. h4 1-0

[Event "*** Titled Tuesday Blitz"]
[Site "Chess.com"]
[Date "2020.12.29"]
[Round "3"]
[White "FGHSMN"]
[Black "Vyacheslav_N"]
[Result "1-0"]
[WhiteElo "2653"]
[BlackElo "2431"]
[TimeControl "180+1"]
[EndTime "10:28:44 PST"]
[Termination "FGHSMN won on time"]

1. e4 c5 2. Nf3 Nc6 3. d4 cxd4 4. Nxd4 Nf6 5. Nc3 e5 6. Ndb5 d6 7. Bg5 a6 8. Na3 b5 9. Nd5 Be7 10. Bxf6 Bxf6 11. c3 O-O 12. Nc2 Rb8 13. h4 g6 14. g3 h5 15. Bg2 Bg7 16. O-O Bb7 17. a4 Ne7 18. axb5 axb5 19. Ncb4 Nxd5 20. exd5 Ra8 21. Nc6 Qb6 22. Qb3 f5 23. c4 e4 24.
Qxb5 Qc7 25. Kh2 Rxa1 26. Rxa1 Ra8 27. Rxa8+ Bxa8 28. b4 Bf6 29. Qa5 Qc8 30. b5 Bxc6 31.
dxc6 Bd8 32. Qa6 Qc7 33. Qa2 Kg7 34. Qb2+ Bf6 35. Qd2 Bd8 36. Bf1 Kf6 37. Kg2 Ke7 38. Qd4 Kf7 39. c5 dxc5 40. Bc4+ Kf8 41. Qh8+ Ke7 42.
Qg7+ Kd6 43. Qf6+ 1-0

[Event "*** Titled Tuesday Blitz"]
[Site "Chess.com"]
[Date "2020.12.29"]
[Round "3"]
[White "Blitzking642"]
[Black "jamalm2"]
[Result "1-0"]
[WhiteElo "2304"]
[BlackElo "1901"]
[TimeControl "180+1"]
[EndTime "10:28:44 PST"]
[Termination "Blitzking642 won on time"]

1. e4 g6 2. d4 Bg7 3. Nf3 c6 4. Be2 d5 5. Nc3 dxe4 6. Nxe4 Nf6 7. Nxf6+ Bxf6 8. Bh6 Be6 9. O-O Qb6 10. c4 Nd7 11.
Qd2 O-O-O 12. b4 Bg4 13. Be3 e5 14. dxe5 Nxe5 15. Qc2 Qc7 16. Nxe5 Bxe2 17. Qxe2 Bxe5 18. Rad1 Bxh2+ 19. Kh1 Be5 20. Bxa7 Qe7 21. g3 Qf6 22.
Qg4+ Kc7 23. c5 h5 24. Bb6+ Kb8 25. Rxd8+ Rxd8 26. Bxd8 Qxd8 27. Qe4 Bc7 28. b5 cxb5 29. Re1 Qg5 30. Qe8+ Ka7 31. Qe3 Qd5+ 32. Kg1 h4 33.
Qa3+ Kb8 34. Re8+ Bd8 35. Qe3 Qd1+ 36. Kh2 1-0

[Event "*** Titled Tuesday Blitz"]
[Site "Chess.com"]
[Date "2020.12.29"]
[Round "3"]
[White "Susal_De_Silva"]
[Black "javirec"]
[Result "1-0"]
[WhiteElo "2567"]
[BlackElo "2369"]
[TimeControl "180+1"]
[EndTime "10:28:45 PST"]
[Termination "Susal_De_Silva won by checkmate"]

1. e4 e5 2. Nf3 Nc6 3. d4 exd4 4. Bc4 Nf6 5. O-O Nxe4 6. Nc3 Nd6 7. Nxd4 Nxc4 8. Qe2+ Be7 9. Nf5 O-O 10. Nxe7+ Qxe7 11. Qxc4 d6 12. Bf4 Be6 13. Qb5 Qd7 14. Rad1 a6 15.
Qd3 f6 16. Ne4 Qf7 17. b3 Rad8 18. c4 Rfe8 19. Rfe1 Bf5 20. h3 Qg6 21. Qd5+ Kh8 22. Ng3 Bd7 23. h4 Qg4 24. Rxe8+ Rxe8 25. Bc1 Ne5 26. Rd4 Qg6 27. Qxb7 Bc6 28. Qxc7 Qc2 29. Be3 Qb1+ 30. Kh2 Ng4+ 31. Rxg4 Rg8 32. h5 Be8 33. Qe7 f5 34. Rxg7 Rxg7 35. Qxe8+ Rg8 36. Bd4# 1-0

[Event "*** Titled Tuesday Blitz"]
[Site "Chess.com"]
[Date "2020.12.29"]
[Round "3"]
[White "Snegokhod"]
[Black "rasmussvane"]
[Result "0-1"]
[WhiteElo "2458"]
[BlackElo "2880"]
[TimeControl "180+1"]
[EndTime "10:28:46 PST"]
[Termination "rasmussvane won by checkmate"]

1. d4 d5 2. c4 e6 3. Nc3 a6 4.
cxd5 exd5 5. Bf4 Nf6 6. e3 Bd6 7. Bxd6 Qxd6 8. Bd3 O-O 9. Nge2 Re8 10. O-O b6 11.
Rc1 Bb7 12. Ng3 g6 13. Qd2 Nbd7 14. f3 c5 15. b3 Rac8 16. Na4 h5 17. Ne2 Qe7 18. Kf2 c4 19. bxc4 dxc4 20. Bb1 b5 21. Nac3 b4 22. Nd1 c3 23. Qd3 Bd5 24. e4 Bc4 25.
Qc2 Qd6 26. Ne3 Bxe2 27. Qxe2 Qxd4 28. Rfd1 Qb6 29. Kf1 a5 30. Nc4 Qc7 31. Nd6 a4 32. Nxe8 Rxe8 33. g3 b3 34. axb3 axb3 35. Bd3 Ne5 36.
Bb5 Rb8 37. Ba4 c2 38. Re1 Qc3 39. Kg2 Nd3 40. Rf1 Nxc1 41. Rxc1 Qb2 42. Qd2 Qxc1 43.
Qxc1 b2 44. Qxc2 b1=Q 45. Qc7 Kg7 46. e5 Nd5 47. Qd6 Rb2+ 48. Kh3 Qf1+ 49. Kh4 Qxf3 50. Bd7 Rxh2+ 51. Bh3 Qg4# 0-1

[Event "*** Titled Tuesday Blitz"]
[Site "Chess.com"]
[Date "2020.12.29"]
[Round "3"]
[White "natelleka"]
[Black "Elyon2000"]
[Result "1-0"]
[WhiteElo "2216"]
[BlackElo "2330"]
[TimeControl "180+1"]
[EndTime "10:28:46 PST"]
[Termination "natelleka won by resignation"]

1. e4 c5 2. Nf3 Nc6 3. d4 cxd4 4.
Nxd4 Nf6 5. Nc3 e5 6. Ndb5 d6 7. Bg5 a6 8. Na3 b5 9. Nd5 Be7 10. Bxf6 Bxf6 11. c3 Ne7 12. Nxf6+ gxf6 13. Nc2 Bb7 14. Bd3 d5 15. Qe2 f5 16. f3 fxe4 17. fxe4 Ng6 18. exd5 Qxd5 19. Ne3 Qe6 20. Nf5 O-O-O 21.
Be4 Nf4 22. Bxb7+ Kxb7 23. Qe4+ Qd5 24. Qxd5+ Rxd5 25. O-O Rg8 26. g3 Rd2 27. Kh1 Nh3 28.
Ne7 Re8 29. Rxf7 Rd7 30. Rxh7 Nf2+ 31. Kg2 Nd3 32. Rd1 Nf4+ 33. gxf4 Rxd1 34. Ng6+ Kb6 35.
Nxe5 Rd2+ 36. Kg3 Rxb2 37. Nd7+ Ka5 38. f5 Rd2 39. f6 Rd8 40. Ne5 Rxa2 41. Nc6+ Kb6 42.
Nxd8 1-0

[Event "*** Titled Tuesday Blitz"]
[Site "Chess.com"]
[Date "2020.12.29"]
[Round "3"]
[White "rpragchess"]
[Black "Margency"]
[Result "1-0"]
[WhiteElo "2845"]
[BlackElo "2618"]
[TimeControl "180+1"]
[EndTime "10:28:47 PST"]
[Termination "rpragchess won by resignation"]

1. Nf3 d5 2. e3 e6 3. c4 c5 4. b3 Nf6 5. Bb2 Be7 6. Be2 O-O 7. O-O b6 8. cxd5 Nxd5 9. d4 Nd7 10. Nbd2 Bb7 11. Nc4 Rc8 12. Rc1 Re8 13. Qd2 Bf8 14. Rfd1 cxd4 15. Qxd4 Qf6 16. Qg4 Qg6 17. Qh3 a6 18. Bd3 Qh6 19. Qxh6 gxh6 20. Bb1 Red8 21. Nd4 Nc5 22. e4 Nf4 23. Nxb6 Rb8 24. Nc4 Nxe4 25.
Na5 Ba8 26. Kf1 Ng5 27. Nac6 Rbc8 28. g3 Rxd4 29. Ne7+ Bxe7 30. Rxc8+ Bf8 31. Rxd4 Bg2+ 32. Ke1 Nf3+ 33. Kd1 Nxd4 34. Bxd4 Nd5 35. Bc5 Nc3+ 36. Kc2 Be4+ 37. Kxc3 Bxb1 38. Rxf8+ 1-0

[Event "*** Titled Tuesday Blitz"]
[Site "Chess.com"]
[Date "2020.12.29"]
[Round "3"]
[White "tlomigtlis"]
[Black "konradrutkowski"]
[Result "0-1"]
[WhiteElo "2541"]
[BlackElo "2391"]
[TimeControl "180+1"]
[EndTime "10:28:47 PST"]
[Termination "konradrutkowski won by checkmate"]

1. d4 Nf6 2. c4 g6 3. Nc3 Bg7 4. g3 d6 5. Bg2 O-O 6. Nf3 Nc6 7. O-O a6 8. h3 Bd7 9. e4 e5 10. Be3 Qc8 11. Kh2 exd4 12. Nxd4 Re8 13. Qd2 Rb8 14. Rad1 Ne5 15. b3 c5 16. Nc2 Bxh3 17. Bxh3 Nf3+ 18. Kg2 Nxd2 19. Bxc8 Nxf1 20. Kxf1 Rbxc8 21. Rxd6 Nxe4 22. Nxe4 Rxe4 23. Rd7 b5 24. f3 Re6 25. Kf2 bxc4 26.
bxc4 Rb8 27. Bxc5 h5 28. Ba3 Bb2 29. Bd6 Rbe8 30. g4 Re2+ 31. Kg3 Rxc2 32. gxh5 gxh5 33. c5 Be5+ 34. Kh4 Kg7 35. Kg5 Bxd6 36. cxd6 Rd2 37. f4 Rd5+ 38. f5 Ree5 39. Kxh5 Rxf5+ 40. Kg4 Rf6 41. Ra7 Rdxd6 42. a4 Rd4+ 43. Kg5 Rxa4 44. Re7 Ra1 45. Kh4 Rg1 46. Re5 Rh6+ 47. Rh5 Rh1+ 48. Kg4 R1xh5 49. Kf3 Rb5 50. Ke4 Rh4+ 51. Kd3 Rb3+ 52.
Kd2 Rh2+ 53. Kc1 Rg3 54. Kd1 Rg1# 0-1

[Event "*** Titled Tuesday Blitz"]
[Site "Chess.com"]
[Date "2020.12.29"]
[Round "3"]
[White "MarcoCorvi"]
[Black "rubhani"]
[Result "0-1"]
[WhiteElo "2188"]
[BlackElo "2489"]
[TimeControl "180+1"]
[EndTime "10:28:47 PST"]
[Termination "rubhani won by checkmate"]

1. c4 c5 2. Nc3 Nc6 3. Nf3 g6 4. g3 Bg7 5. Bg2 Nh6 6. O-O O-O 7. e4 d6 8. d3 f5 9. Ng5 fxe4 10. dxe4 Kh8 11.
h3 Nf7 12. Nxf7+ Rxf7 13. Be3 Be6 14. Nd5 Qd7 15. Kh2 Bxb2 16. Rb1 Bd4 17. Qd2 Raf8 18.
f4 Bxe3 19. Qxe3 Nd4 20. g4 Bxd5 21. exd5 b6 22. Rbe1 Qa4 23. Rf2 Qxc4 24. Rc1 Qa4 25. Be4 Qd7 26. Rd1 Rf6 27. g5 R6f7 28. Rxd4 cxd4 29.
Qxd4+ Kg8 30. Kg3 Rc8 31. h4 Qc7 32. Rf3 Qc5 33. Qd3 Qg1+ 34. Kh3 Rc1 35. Rg3 Qf2 36. Kg4 Rxf4+ 37. Kh3 Rf7 38. Bxg6 hxg6 39. Qxg6+ Kf8 40. Qh6+ Ke8 41. Qh8+ Kd7 42. g6 Rh1+ 43. Kg4 Qf5# 0-1

[Event "*** Titled Tuesday Blitz"]
[Site "Chess.com"]
[Date "2020.12.29"]
[Round "3"]
[White "PavlovDanila"]
[Black "Chessdreamer2020"]
[Result "1/2-1/2"]
[WhiteElo "2687"]
[BlackElo "2488"]
[TimeControl "180+1"]
[EndTime "10:28:48 PST"]
[Termination "Game drawn by agreement"]

1. e4 d6 2. d4 Nf6 3. Nc3 e5 4. Nf3 Nbd7 5. Rg1 g6 6. g4 Bg7 7.
g5 Nh5 8. Be3 O-O 9. Qd2 c6 10.
O-O-O Qa5 11. Be2 b5 12. a3 Rb8 13. Nh4 Nf4 14. Bxf4 exf4 15. Na2 Qxd2+ 16. Rxd2 f6 17. Nf3 fxg5 18. Nxg5 Nf6 19. e5 dxe5 20. dxe5 Nd5 21. Bf3 Bxe5 22. Bxd5+ cxd5 23. Rxd5 Bf6 24. Nb4 Bf5 25.
Rxf5 gxf5 26. Ne6+ Kf7 27. Nxf8 Rxf8 28. Nd3 Bg7 29.
Re1 Re8 30. Rxe8 Kxe8 31. Kd1 f3 32. b3 Bd4 33. Ke1 Ke7 34. Kf1 Ke6 35. Ne1 Bb2 36. Nxf3 Kd5 37. Ke2 Bxa3 38. Nh4 Ke5 39. h3 a5 40. Kd3 Bc5 41. Nf3+ Kf4 42. Nd4 Ke5 43. Nxb5 Bxf2 44. Nc3 Bc5 45. Ke2 Kd4 46. Na4 Bd6 47. Kf3 h5 1/2-1/2

[Event "*** Titled Tuesday Blitz"]
[Site "Chess.com"]
[Date "2020.12.29"]
[Round "3"]
[White "ExcitingTrap"]
[Black "erdni1993"]
[Result "1-0"]
[WhiteElo "2351"]
[BlackElo "2522"]
[TimeControl "180+1"]
[EndTime "10:28:48 PST"]
[Termination "ExcitingTrap won by checkmate"]

1. e4 c5 2. Nf3 e6 3. g3 Nc6 4.
Bg2 d6 5. O-O Bd7 6. d4 cxd4 7.
Nxd4 Nf6 8. c4 Be7 9. Nc3 a6 10. h3 Qb6 11. Nb3 Ne5 12. Be3 Qc7 13. c5 dxc5 14. Qe2 c4 15. Nd4 Nd3 16. b3 b5 17.
e5 Rc8 18. exf6 Bxf6 19. bxc4 Qxc4 20. Ne4 Be7 21. Rfd1 Ne5 22. Qh5 Ng6 23. Bg5 f6 24. Be3 e5 25. Rac1 Qxa2 26. Rxc8+ Bxc8 27. Nc6 Qe6 28. Nxe7 Kxe7 29. Bc5+ Kf7 30. Nd6+ Kf8 31. Nxc8+ Ke8 32. Nd6+ Ke7 33. Bd5 Qd7 34. Qe2 Rb8 35. Nxb5+ Ke8 36. Nd6+ Ke7 37. Qe4 Qc7 38. Nf5+ Ke8 39. Bc6+ Kf7 40. Qd5# 1-0

[Event "*** Titled Tuesday Blitz"]
[Site "Chess.com"]
[Date "2020.12.29"]
[Round "3"]
[White "tsaruk_maks"]
[Black "Loy_Konstantin"]
[Result "1-0"]
[WhiteElo "2595"]
[BlackElo "2400"]
[TimeControl "180+1"]
[EndTime "10:28:50 PST"]
[Termination "tsaruk_maks won on time"]

1. e4 c5 2. Nf3 d6 3. d4 cxd4 4. Nxd4 Nf6 5. Nc3 g6 6. Be3 Bg7 7. f3 O-O 8. Qd2 Nc6 9. g4 Bd7 10. O-O-O Rc8 11. h4 Ne5 12. g5 Nh5 13. f4 Nc4 14. Bxc4 Rxc4 15. Kb1 Nxf4 16. b3 Rxc3 17. Qxc3 Ne2 18. Qd2 Ng3 19. Rhe1 Nxe4 20. Qd3 Nc5 21. Qf1 Bg4 22. Rd2 Qa5 23. Qg2 Be6 24. Rdd1 Qc3 25. Bg1 a5 26. Re3 Qb4 27. Rg3 a4 28. c3 Qb6 29. b4 Nd7 30. Nxe6 Qb5 31. Nxf8 Nxf8 32. Rgd3 Ne6 33. Qd5 Qe8 34. Bd4 Nf4 35. Qe4 Nxd3 36. Bxg7 Nf2 37. Qf3 Nxd1 38. Bd4 e5 39. Bg1 1-0

[Event "*** Titled Tuesday Blitz"]
[Site "Chess.com"]
[Date "2020.12.29"]
[Round "3"]
[White "MashaFromRussia"]
[Black "stephan97"]
[Result "1-0"]
[WhiteElo "2399"]
[BlackElo "2228"]
[TimeControl "180+1"]
[EndTime "10:28:51 PST"]
[Termination "MashaFromRussia won by resignation"]

1. d4 d5 2. c4 e6 3. Nf3 Nf6 4. g3 Be7 5. Bg2 O-O 6. O-O dxc4 7. Ne5 Nc6 8. Nxc6 bxc6 9. e3 Ba6 10. Nc3 Rb8 11. Qa4 Bb5 12. Qa5 Rb6 13. Nxb5 cxb5 14. Qxa7 Nd5 15. e4 Nb4 16. Be3 Ra6 17. Qb7 Qb8 18. Qxb8 Rxb8 19. a3 Nc2 20. Rac1 Nxe3 21. fxe3 f6 22. Kf2 Kf7 23. Kf3 Rd8 24. Ke2 c5 25. d5 e5 26. Bh3 Rb8 27. Be6+ Kf8 28. g4 b4 29. d6 Rxd6 30. Bxc4 bxa3 31. bxa3 Rb2+ 32. Kf3 Rxh2 33. Rb1 Rdd2 34. Rb8+ Bd8 35. Rg1 g5 36. a4 Kg7 37. Rb7+ Kg6 38. Bf7+ Kh6 39. Bg8 Kg6 40. Be6 Rdf2+ 41. Kg3 Kh6 42. Bf5 Rxf5 43. exf5 Rh4 44. Rd1 1-0

[Event "*** Titled Tuesday Blitz"]
[Site "Chess.com"]
[Date "2020.12.29"]
[Round "3"]
[White "stanyga"]
[Black "elamier"]
[Result "1-0"]
[WhiteElo "2602"]
[BlackElo "2406"]
[TimeControl "180+1"]
[EndTime "10:28:52 PST"]
[Termination "stanyga won by resignation"]

1. d4 Nf6 2. c4 g6 3. Nc3 d5 4. cxd5 Nxd5 5. e4 Nxc3 6. bxc3 Bg7 7. Nf3 c5 8. Be3 O-O 9. Be2 Qa5 10. O-O Rd8 11. Qb3 Nc6 12. d5 Ne5 13. Nxe5 Bxe5 14. Rac1 b6 15. f4 Bg7 16. e5 Ba6 17. c4 Qb4 18. Rfd1 Rac8 19. Qxb4 cxb4 20. Bd2 f6 21. e6 f5 22. Bxb4 Bf8 23. Kf2 Bb7 24.
a4 a6 25. Bf3 h6 26. Ke3 Rc7 27.
a5 b5 28. cxb5 Rxc1 29. Rxc1 axb5 30. Rc7 Ba8 31. Rd7 Rb8 32. Bxe7 Bxe7 33. Rxe7 b4 34.
d6 Bxf3 35. gxf3 b3 36. d7 Kf8 37. Rf7+ Kg8 38. e7 Kxf7 39. d8=Q 1-0

[Event "*** Titled Tuesday Blitz"]
[Site "Chess.com"]
[Date "2020.12.29"]
[Round "3"]
[White "MaxLeto"]
[Black "Heineccius"]
[Result "0-1"]
[WhiteElo "2392"]
[BlackElo "2591"]
[TimeControl "180+1"]
[EndTime "10:28:52 PST"]
[Termination "Heineccius won by resignation"]

1. g4 e5 2. Bg2 d5 3. g5 Be6 4.
h4 h5 5. c4 c6 6. Nf3 Nd7 7.
d3 Ne7 8. b3 Ng6 9. Qc2 Bb4+ 10. Bd2 Bd6 11. Nc3 a6 12. e3 Rc8 13. Ne2 Bg4 14. Ng3 Nc5 15. b4 Nd7 16. c5 Bc7 17. Ng1 Qe7 18. N1e2 Ngf8 19. Bc3 Ng6 20. Bb2 f6 21. f3 Be6 22. d4 Qf7 23. O-O-O fxg5 24. hxg5 h4 25. Rh2 a5 26. Rdh1 axb4 27. Nf1 exd4 28. exd4 Bxh2 29. Nxh2 Bf5 30. Qd2 h3 31. Bf1 b6 32. Rg1 bxc5 33. dxc5 Nxc5 34. Nd4 O-O 35.
Nxf5 Qxf5 36. Ng4 Qxf3 37. Ne3 Nf4 38. Qd4 Nce6 39. Qe5 Qf2 40. Ba6 Qxg1+ 41. Kd2 Qf2+ 42.
Kc1 Rce8 43. Nf5 Rxf5 44. Qxf5 Ne2+ 45. Bxe2 Qxf5 0-1

[Event "*** Titled Tuesday Blitz"]
[Site "Chess.com"]
[Date "2020.12.29"]
[Round "3"]
[White "Isajevsky_Anton"]
[Black "catalin009"]
[Result "0-1"]
[WhiteElo "2575"]
[BlackElo "2418"]
[TimeControl "180+1"]
[EndTime "10:28:52 PST"]
[Termination "catalin009 won on time"]

1. c4 e5 2. g3 Nf6 3. Bg2 Bc5 4. Nc3 a6 5. Nf3 d6 6. d4 exd4 7. Nxd4 O-O 8. O-O Re8 9. b3 Nbd7 10. h3 Ne5 11. e3 Rb8 12. f4 Ng6 13. Bd2 Bd7 14. Kh2 Qc8 15. Qf3 b5 16. Rab1 b4 17. Nce2 Ne4 18. Rbd1 f5 19. Bc1 a5 20. Bb2 a4 21.
Nc1 axb3 22. axb3 Ra8 23. Qe2 Ra5 24. Qc2 Nf8 25. Nd3 Qa6 26. Nxc5 Rxc5 27. Ra1 Ra5 28. Rxa5 Qxa5 29. Ra1 Qc5 30. Bf3 Nf6 31. Qd3 Ng6 32.
Kg2 h5 33. h4 Kh7 34. Ra2 Kh6 35. Bc1 Ne4 36. Bxe4 Rxe4 37. Nf3 Bc8 38. Kf2 Bb7 39. Ng5 Re7 40. Qd4 Qc6 41. Ke1 Qh1+ 42. Kd2 Qg2+ 43. Kd1 Qxa2 0-1

[Event "*** Titled Tuesday Blitz"]
[Site "Chess.com"]
[Date "2020.12.29"]
[Round "3"]
[White "eightbyeightchess"]
[Black "Legendinunknown"]
[Result "0-1"]
[WhiteElo "2384"]
[BlackElo "2575"]
[TimeControl "180+1"]
[EndTime "10:28:52 PST"]
[Termination "Legendinunknown won by resignation"]

1. e4 c6 2. d4 d5 3. e5 Bf5 4. h4 h5 5. Bd3 Bxd3 6. Qxd3 e6 7. Bg5 Qb6 8. Nd2 c5 9. c4 Nc6 10. cxd5 exd5 11. e6 fxe6 12. Qg6+ Kd7 13. Ngf3 Nge7 14. Qf7 cxd4 15. O-O Rd8 16. Rac1 Kc8 17. Bxe7 Bxe7 18. Qxe6+ Kb8 19. Rxc6 Qxc6 20. Qxe7 d3 21. Ne5 Qc2 22. Nf7 Rhe8 23. Qg5 Rd7 24. Qg3+ Ka8 25. Ne5 Rde7 26. Qxd3 Qxb2 27. Nef3 Qxa2 28. Kh2 Qa5 29. Rc1 a6 30. Nb3 Qb6 31. Rc5 Qd6+ 32. g3 Qf6 33. Rxd5 Re2 34. Kg2 Rb2 35. Nbd2 Rb6 36. Rd7 Ka7 37. Nc4 Rc6 38.
Nfe5 Rxe5 39. Qd4+ Rec5 40. Qe3 Qf5 41. Na5 Qxd7 42.
Nxc6+ Qxc6+ 43. Kh2 a5 44. Qe7 Ka6 0-1

[Event "*** Titled Tuesday Blitz"]
[Site "Chess.com"]
[Date "2020.12.29"]
[Round "3"]
[White "ChessWarrior7197"]
[Black "MPGM"]
[Result "0-1"]
[WhiteElo "2914"]
[BlackElo "2702"]
[TimeControl "180+1"]
[EndTime "10:28:53 PST"]
[Termination "MPGM won by resignation"]

1. e4 c6 2. d4 d5 3. e5 c5 4. dxc5 e6 5. Be3 Nd7 6. Nf3 Bxc5 7. Bxc5 Nxc5 8. Qd4 Qb6 9. Nbd2 Ne7 10. Nb3 Ne4 11.
Bd3 Nc6 12. Qxb6 axb6 13. c3 Nc5 14. Bc2 Nd7 15. Nbd4 Ndxe5 16. Nxe5 Nxe5 17. b3 Bd7 18.
Kd2 Nc6 19. Nb5 Ke7 20. a4 Rhc8 21. Rhe1 g6 22. f4 h5 23. g3 Na5 24. Nd4 Kf6 25. h3 Rh8 26. Nf3 Nc6 27. b4 Ke7 28. Bb3 Kd6 29.
Ng5 Rhf8 30. Nf3 f6 31. Re3 e5 32. b5 Na5 33. Ba2 Bxh3 34. Nd4 exd4 35. cxd4 Rfe8 36. Rae1 Rxe3 37. Rxe3 Be6 38. Kc3 Nc4 39. Bxc4 dxc4 40. Kb4 Rh8 41. a5 bxa5+ 42. Kxa5 h4 43. gxh4 Rxh4 44.
Kb6 Rxf4 45. Kxb7 Rxd4 46. b6 Bd5+ 47. Ka6 Rd3 48. Re8 Ra3+ 49. Kb5 c3 50. Rd8+ Ke5 51.
Rc8 Rb3+ 52. Ka5 Kd4 0-1

[Event "*** Titled Tuesday Blitz"]
[Site "Chess.com"]
[Date "2020.12.29"]
[Round "3"]
[White "olksuna"]
[Black "VerdeNotte"]
[Result "0-1"]
[WhiteElo "2646"]
[BlackElo "2892"]
[TimeControl "180+1"]
[EndTime "10:28:53 PST"]
[Termination "VerdeNotte won on time"]

1. Nf3 g6 2. e4 c5 3. Bc4 Bg7 4. O-O Nc6 5. Re1 d6 6. h3 e5 7. a3 Be6 8. Bxe6 fxe6 9. b4 cxb4 10. axb4 Nxb4 11. c3 Nc6 12. Qb3 Qd7 13. Ng5 Ke7 14.
Na3 Nf6 15. Nc4 h6 16. Nf3 Kf7 17. d4 exd4 18. e5 Ne8 19. cxd4 d5 20. Ne3 Bf8 21.
Ng4 a5 22. Qe3 Kg8 23. Nh4 Qf7 24. Qd3 Ne7 25. Rb1 Nf5 26. Nxf5 Qxf5 27. Qb3 Rh7 28. Re3 a4 29. Qa2 Rc8 30. Ba3 Bxa3 31. Rxa3 Rc2 32.
Qa1 h5 33. Rf3 Qe4 34. Qxa4 Rc8 35. Rd1 hxg4 36. Re3 Qc2 37. Qa1 gxh3 38. gxh3 Rf7 39. Rf1 Ng7 40. Rg3 Nh5 41. Rg4 Nf4 42. Qa3 Qe2 0-1

[Event "*** Titled Tuesday Blitz"]
[Site "Chess.com"]
[Date "2020.12.29"]
[Round "3"]
[White "HrvojeZagreb"]
[Black "MF1966Idrisov"]
[Result "1-0"]
[WhiteElo "2239"]
[BlackElo "2380"]
[TimeControl "180+1"]
[EndTime "10:28:53 PST"]
[Termination "HrvojeZagreb won on time"]

1. d4 d6 2. e4 Nf6 3. Nc3 g6 4. Bf4 Bg7 5. Qd2 c6 6. O-O-O b5 7. f3 Qa5 8. a3 Be6 9. Bh6 Bxh6 10.
Qxh6 b4 11. Nb1 Nbd7 12. Ne2 Bc4 13. Qd2 Rb8 14. g4 h5 15. g5 Nh7 16. h4 Nhf8 17. Bh3 Bxe2 18. Qxe2 bxa3 19. Nxa3 Qb4 20. c3 Qa4 21. e5 dxe5 22. Rhe1 Ne6 23. Bxe6 fxe6 24. Qc4 Qxc4 25. Nxc4 Rb5 26. f4 exf4 27. Rxe6 Kf7 28. Rde1 Rd8 29. Rxe7+ Kg8 30. Nd6 Rd5 31. R1e6 Nf8 32.
Nb7 Nxe6 33. Rxe6 R8d7 34. Rxg6+ Kh7 35. Rh6+ Kg7 36. Nc5 f3 37. Nxd7 Rf5 38. Rf6 Rxf6 39. gxf6+ Kg8 40. f7+ Kxf7 41. Ne5+ Ke6 42. Nxf3 Kf5 43.
Kd2 Kf4 44. Ke2 1-0

[Event "*** Titled Tuesday Blitz"]
[Site "Chess.com"]
[Date "2020.12.29"]
[Round "3"]
[White "Alonmindlin"]
[Black "Alexander_Zubov"]
[Result "1/2-1/2"]
[WhiteElo "2706"]
[BlackElo "2933"]
[TimeControl "180+1"]
[EndTime "10:28:54 PST"]
[Termination "Game drawn by repetition"]

1. d4 Nf6 2. c4 g6 3. Nc3 d5 4. cxd5 Nxd5 5. g3 Bg7 6. Bg2 Nb6 7. Nf3 Nc6 8. O-O O-O 9. Bf4 Be6 10. Qc1 Nd5 11.
Bh6 Nxc3 12. bxc3 Na5 13. Bxg7 Kxg7 14. Nd2 c5 15. e3 Rc8 16. Qb2 Kg8 17. Rfd1 cxd4 18.
cxd4 b6 19. Rac1 Qd7 20. h4 Nc4 21. Nxc4 Bxc4 22. a3 Qd6 23. Rc3 Rc7 24. Rdc1 Rfc8 25. h5 gxh5 26. Qd2 h4 27. gxh4 b5 28. e4 Kh8 29. e5 Qe6 30. Rg3 Rg8 31. Qf4 Rcc8 32. d5 Qb6 33. Kh2 Rxg3 34. fxg3 Qg6 35. Be4 Qg7 36.
Rc2 Rd8 37. Rd2 a5 38. d6 exd6 39. exd6 Be6 40. h5 h6 41. Bf5 Qf6 42. g4 Bxf5 43. gxf5 b4 44. axb4 axb4 45. Qxb4 Qe5+ 46. Kh1 Qe1+ 47.
Kh2 Qe5+ 48. Kh1 Qe1+ 49. Kh2 Qe5+ 1/2-1/2

[Event "*** Titled Tuesday Blitz"]
[Site "Chess.com"]
[Date "2020.12.29"]
[Round "3"]
[White "AttilaTurzo"]
[Black "ChampStan"]
[Result "1-0"]
[WhiteElo "2485"]
[BlackElo "2177"]
[TimeControl "180+1"]
[EndTime "10:28:55 PST"]
[Termination "AttilaTurzo won on time"]

1. d4 Nf6 2. Nf3 g6 3. Bg5 Bg7 4. c3 O-O 5. Nbd2 d5 6. e3 c5 7.
Be2 Nc6 8. O-O Bf5 9. h3 Qb6 10. Qb3 Ne4 11. Nxe4 Bxe4 12. dxc5 Qxc5 13. Rfd1 Na5 14.
Qb5 Qc7 15. Bf4 Qb6 16. Ne5 Qxb5 17. Bxb5 Rfd8 18. f3 Bf5 19. g4 Be6 20. b4 a6 21.
Be2 Nc6 22. Nxc6 bxc6 23. Rac1 Rd7 24. c4 d4 25. exd4 Rxd4 26. Be3 Rxd1+ 27. Rxd1 h6 28. a4 Kf8 29. Kf2 Ke8 30. b5 axb5 31. axb5 cxb5 32. cxb5 f5 33. b6 Rb8 34. Bb5+ Kf7 35. Bc6 Be5 36. b7 h5 37. gxh5 gxh5 38. Ba7 Rh8 39. Rb1 Bb8 40.
Bxb8 Rxb8 41. Ra1 1-0

[Event "*** Titled Tuesday Blitz"]
[Site "Chess.com"]
[Date "2020.12.29"]
[Round "3"]
[White "Alomaterapia"]
[Black "arna"]
[Result "1-0"]
[WhiteElo "2483"]
[BlackElo "2138"]
[TimeControl "180+1"]
[EndTime "10:28:55 PST"]
[Termination "Alomaterapia won by checkmate"]

1. e4 e6 2. d4 d5 3. e5 c5 4. c3 Nc6 5. Nf3 Qb6 6. a3 c4 7.
Nbd2 Na5 8. Be2 Bd7 9. O-O Ne7 10. h4 Qc7 11. h5 h6 12. Nh2 Nc8 13. f4 Nb6 14. g4 Be7 15. Rf2 O-O-O 16. Qf1 g6 17. Qh3 Rdg8 18. Bd1 Qd8 19. Ndf1 Kb8 20. Kh1 gxh5 21.
Qxh5 f6 22. Be3 Qf8 23. a4 Qg7 24. Bc2 Be8 25. Qh3 h5 26. exf6 hxg4 27. fxg7 Rxh3 28.
f5 Bd6 29. f6 Bf7 30. Kg2 Rxe3 31. Nxe3 g3 32. Rf3 gxh2 33. Rh3 Nd7 34. Ng4 Nc6 35. Rh8 Nd8 36. Rf1 Kc7 37. Nh6 e5 38. Nxf7 Rxg7+ 39. fxg7 Nxf7 40. Rxf7 h1=Q+ 41. Kxh1 exd4 42. g8=Q d3 43. Qd8+ Kc6 44. Qxd7+ Kc5 45. Bd1 d2 46. Rc8+ Bc7 47.
Qxc7# 1-0